 Dungeon Crawl Stone Soup version 0.25-b1-37-g2669288c55 (webtiles) character file.

Game seed: 16534302174591902346

1919 H0rd4k the Cutter (level 9, 0/87 HPs)
             Began as a Human Artificer on June 5, 2020.
             Was an Initiate of Gozag.
             Succumbed to a killer bee's poison
             ... on level 6 of the Dungeon.
             The game lasted 00:18:13 (11319 turns).

H0rd4k the Cutter (Human Artificer)                Turns: 11319, Time: 00:18:13

Health: 0/87       AC:  7    Str: 16      XL:     9   Next: 39%
Magic:  12/12      EV: 14    Int: 12      God:    Gozag
Gold:   383        SH:  0    Dex: 12 (13) Spells: 8/8 levels left

rFire    + . .     SeeInvis .   a - +0 short sword
rCold    + . .     Gourm    .   (no shield)
rNeg     . . .     Faith    .   g - +3 leather armour {rF+}
rPois    .         Spirit   .   (no helmet)
rElec    .         Reflect  .   p - +0 cloak
rCorr    .         Harm     .   (no gloves)
MR       .....                  (no boots)
Stlth    ..........             (no amulet)
HPRegen  0.24/turn              (no ring)
MPRegen  0.13/turn              (no ring)

@: mighty, berserking (expiring), lethally poisoned (0 -> -14), gold aura, very
quick
A: cold resistance 1, frail 1, sturdy frame 1
a: Potion Petition, Call Merchant, Bribe Branch, Renounce Religion


You were on level 6 of the Dungeon.
You worshipped Gozag.
Gozag was aware of your devotion.
You were not hungry.

You visited 2 branches of the dungeon, and saw 8 of its levels.

You collected 437 gold pieces.
You paid 54 gold pieces to Gozag.

Inventory:

Hand Weapons
 a - a +0 short sword (weapon)
Missiles
 u - 34 poisoned darts (quivered)
 y - 8 atropa-tipped darts
Armour
 b - a +0 leather armour
 g - a +3 leather armour of fire resistance (worn)
 p - a +0 cloak (worn)
Jewellery
 h - an uncursed ring of fire {unknown}
 j - an uncursed ring of resist corrosion {unknown}
 m - a cursed -4 ring of strength {unknown}
 t - a cursed amulet of inaccuracy {unknown}
Wands
 B - a wand of digging (7)
Scrolls
 i - 3 scrolls of identify
 l - 2 scrolls of noise
 w - 3 scrolls of magic mapping
Potions
 r - a potion of stabbing
 s - a potion of flight
 v - a potion of mutation
Comestibles
 f - 6 rations


   Skills:
 + Level 3.9 Fighting
 + Level 7.3 Short Blades
 + Level 4.0 Armour
 + Level 5.0 Dodging
 + Level 4.1 Stealth
 + Level 4.4 Evocations


You had 8 spell levels left.
You didn't know any spells.
Your spell library contained the following spells:

 Spells                   Type           Power        Failure   Level  Hunger
 Corona                   Hex            #......      34%         1    ##.....
 Slow                     Hex            #.......     45%         2    ###....
 Inner Flame              Hex/Fire       #.......     71%         3    ####...
 Portal Projectile        Hex/Tloc       #.....       71%         3    ####...
 Cause Fear               Hex            #.........   98%         4    #####..
 Leda's Liquefaction      Hex/Erth       #.........   98%         4    #####..


Dungeon Overview and Level Annotations

Branches:
Dungeon (7/15)             Temple (1/1) D:5

Altars:
Ashenzari
Cheibriados
Dithmenos
Elyvilon
Fedhas
Gozag
Makhleb
Nemelex Xobeh
Okawaru
Qazlal
Ru
Sif Muna
Uskayaw
Xom
Yredelemnul
Zin

Shops:
D:6 (

Annotations:
D:2 1 runed translucent door, Crazy Yiuf
D:5 exclusion: downstairs, Sigmund
D:6 phantom ghost, exclusions: 2 downstairs and slave, Maggie


Innate Abilities, Weirdness & Mutations

Your flesh is cold resistant. (rC+)
You are frail. (-10% HP)
Your movements are slightly less encumbered by armour. (ER -2)


Message History

The killer bee barely misses you.
You hit the killer bee.
You kill the killer bee!
Your Armour skill increases to level 4!
Your Dodging skill increases to level 5!
* * * LOW HITPOINT WARNING * * *
You feel sick. The killer bee barely misses you.
You hit the killer bee.
The killer bee is lightly wounded.
* * * LOW HITPOINT WARNING * * *
You feel sick. The killer bee stings you.
* * * LOW HITPOINT WARNING * * *
You barely miss the killer bee.
The killer bee is lightly wounded.
* * * LOW HITPOINT WARNING * * *
You feel sick. The killer bee closely misses you.
You closely miss the killer bee.
The killer bee is lightly wounded.
You die...
Your body crumbles into a pile of gold.

##.##.###.......##
#.#..###. ####.#
##.....## #.##.# #. #.#
##...## #.##.# #.
#######.# ##'## #....# #.
#.......# #.# #.######.
#.####### #.# #........
#.# ########.## #.#######
#.# #....)y$[.## #.#
##§## #.####.@...# #.#
#...# #.#####.[.## #.#
#.#.####.....##..######.#
#.....W÷.###............#
########.# #####.########
#.#######.# #.........#
###########


You could see a killer bee.

Vanquished Creatures
  A hippogriff (D:5)
  Menkaure (D:4)
  A phantom (D:6)
  5 orc wizards
  A necrophage (D:6)
  2 ogres (D:4)
  A centaur (D:7)
  2 bullfrogs (D:6)
  A scorpion (D:6)
  A killer bee (D:6)
  A crimson imp (D:7)
  2 howler monkeys
  A quasit (D:6)
  2 jellies (D:6)
  A centaur skeleton (D:6)
  5 orc priests
  An iguana (D:6)
  3 worker ants
  Natasha (twice) (D:4)
  A hound skeleton (D:5)
  A worker ant zombie (D:4)
  A gnoll (D:6)
  14 adders
  A shadow imp (D:6)
  An ooze (D:3)
  An adder skeleton (D:6)
  2 worms
  A dart slug (D:3)
  3 leopard geckos
  21 orcs
  2 ball pythons
  3 giant cockroaches (D:1)
  A goblin (D:2)
  9 hobgoblins
  8 jackals
  A quokka (D:2)
  6 bats
  4 frilled lizards
  5 kobolds
  2 leopard gecko skeletons
  A quokka zombie (D:6)
  9 rats
  A spectral orc (D:6)
133 creatures vanquished.

Vanquished Creatures (collateral kills)
  An orc priest (D:4)
  A hound (D:4)
  An orc wizard (D:4)
  Natasha (D:4)
  An orc (D:2)
  A giant cockroach (D:2)
  2 hobgoblins (D:2)
  A rat (D:2)
9 creatures vanquished.

Vanquished Creatures (others)
  2 orc wizards (D:4)
  2 orc priests (D:4)
  An orc (D:4)
5 creatures vanquished.

Grand Total: 147 creatures vanquished

Notes
Turn   | Place    | Note
-------+----------+-------------------------------------------
     0 | D:1      | H0rd4k the Human Artificer began the quest for the Orb.
     0 | D:1      | Reached XP level 1. HP: 15/15 MP: 3/3
   287 | D:1      | Reached XP level 2. HP: 10/21 MP: 4/4
   799 | D:1      | Reached XP level 3. HP: 16/26 MP: 5/5
  1743 | D:2      | Found a snail-covered altar of Cheibriados.
  1761 | D:2      | Reached skill level 2 in Short Blades
  1761 | D:2      | Reached skill level 1 in Armour
  1761 | D:2      | Reached XP level 4. HP: 25/32 MP: 6/6
  1850 | D:2      | Found a sparkling altar of Nemelex Xobeh.
  2339 | D:2      | Found a runed translucent door.
  2340 | D:2      | Noticed Crazy Yiuf
  2749 | D:2      | Reached XP level 5. HP: 35/38 MP: 7/7
  2789 | D:2      | Found a blossoming altar of Fedhas.
  3184 | D:3      | Found a shadowy altar of Dithmenos.
  3495 | D:3      | Reached skill level 3 in Short Blades
  3603 | D:3      | Found an iron altar of Okawaru.
  3605 | D:3      | Found a shimmering altar of Xom.
  3605 | D:3      | Found an opulent altar of Gozag.
  3607 | D:3      | Found a white marble altar of Elyvilon.
  3607 | D:3      | Found a sparkling altar of Nemelex Xobeh.
  3607 | D:3      | Found a sacrificial altar of Ru.
  4827 | D:4      | Noticed an ogre
  4847 | D:4      | Reached XP level 6. HP: 43/44 MP: 8/8
  4886 | D:4      | Noticed Natasha
  4895 | D:4      | Noticed Menkaure
  4896 | D:4      | Killed Natasha
  4910 | D:4      | Killed Menkaure
  4911 | D:4      | Killed an ogre
  4911 | D:4      | Reached skill level 4 in Short Blades
  5210 | D:4      | Reached XP level 7. HP: 51/51 MP: 9/9
  5877 | D:4      | Noticed Natasha
  5894 | D:4      | Killed Natasha
  5901 | D:4      | Noticed Natasha
  5915 | D:4      | Killed Natasha
  6230 | D:4      | Reached skill level 5 in Short Blades
  6230 | D:4      | Reached XP level 8. HP: 13/57 MP: 11/11
  6746 | D:5      | Entered Level 5 of the Dungeon
  6802 | D:5      | Noticed a hippogriff
  6805 | D:5      | Killed a hippogriff
  6832 | D:5      | Noticed a +0 dagger
  6833 | D:5      | Noticed a +0 hand axe
  6834 | D:5      | Found a hide-covered altar of Uskayaw.
  6840 | D:5      | Noticed Sigmund
  6988 | D:5      | Found a shattered altar of Ashenzari.
  7142 | D:5      | Found a staircase to the Ecumenical Temple.
  7550 | D:6      | Found Nenis's Antique Weapon Shop.
  7730 | Temple   | Entered the Ecumenical Temple
  7900 | Temple   | Became a worshipper of Gozag Ym Sagoz the Greedy
  8333 | D:6      | Noticed Maggie
  8563 | D:6      | Reached skill level 6 in Short Blades
  8585 | D:6      | Reached XP level 9. HP: 19/64 MP: 12/12
  8982 | D:6      | Found a basalt altar of Yredelemnul.
 10100 | D:7      | Reached skill level 7 in Short Blades
 10117 | D:6      | HP: 2/65 [cloud of flame (7)]
 10120 | D:6      | Gained mutation: You are frail. (-10% HP) [potion of
                  | mutation]
 10120 | D:6      | Gained mutation: Your movements are slightly less
                  | encumbered by armour. (ER -2) [potion of mutation]
 10120 | D:6      | Gained mutation: Your flesh is cold resistant. (rC+)
                  | [potion of mutation]
 11316 | D:6      | Reached skill level 5 in Dodging
 11317 | D:6      | HP: 2/87 [killer bee (6)]
 11319 | D:6      | Succumbed to a killer bee's poison

Illustrated notes

Levels and vault maps discovered:
D:1:      dpeg_arrival_prison, layout_loops_ring, chequers_serial_rivers_room_b,
          feat_on_display
D:2:      layout_basic, lemuel_crystal_altar, lemuel_coloured_pillars_altar,
          nemelex_xobeh_ov_fountains_minmay, uniq_crazy_yiuf_cottage
D:3:      layout_basic, nicolae_dithmenos_shadow_blocks, doesnt_xom_only_xom,
          chequers_arboretum
D:4:      layout_loops_corners, grunt_decor_fettered, uniq_menkaure,
          uniq_natasha
D:5:      layout_cave_pools, nicolae_overflow_crystal_walls,
          dancing_weapons_uskayaw, minmay_temple_entry_waves, first_ration,
          uniq_sigmund
D:6:      layout_loops_corners, yredelemnul_forgotten_temple_becter,
          serial_shops, shop, uniq_pikel, uniq_maggie
D:7:      layout_cave_pods, kennysheep_mini
Temple:   jpeg_temple_island

Skill      XL: |  1  2  3  4  5  6  7  8  9 |
---------------+----------------------------+-----
Short Blades   | 2 3 4 5 6 7 |  7.3
Armour         | 1 2 3 4 |  4.0
Fighting       | 2 3 |  3.9
Dodging        | 3 4 5 |  5.0
Stealth        | 2 3 4 |  4.1
Evocations     | 4 |  4.4

Action                   |  1- 3 |  4- 6 |  7- 9 || total
-------------------------+-------+-------+-------++-------
Melee: Short sword       |   149 |   228 |   525 ||   902
Throw: Dart              |       |       |     3 ||     3
Evoke: Wand              |     1 |    25 |    19 ||    45
  Use: Potion            |       |       |    14 ||    14
       Scroll            |       |       |     6 ||     6
 Stab: Sleeping          |     3 |     1 |     8 ||    12
       Paralysed         |       |       |     1 ||     1
       Betrayed ally     |       |       |     1 ||     1
       Distracted        |       |       |     1 ||     1
       Confused          |       |       |     1 ||     1
  Eat: Chunk             |     3 |     6 |     6 ||    15
       Ration            |       |     1 |     5 ||     6
Armor: Leather armour    |    48 |    57 |   125 ||   230
Dodge: Dodged            |   111 |   132 |   298 ||   541
